 Dungeon Crawl Stone Soup version 0.17-a0-1798-g879a7aa (webtiles) character file.

1327 luca467 the Insei (level 8, 43/55 HPs)
             Began as a Demonspawn Monk on Sept 10, 2015.
             Was a Priest of Dithmenos.
             Quit the game on level 5 of the Dungeon.
             The game lasted 00:25:07 (5851 turns).

luca467 the Insei (Demonspawn Monk)                 Turns: 5851, Time: 00:25:07

Health: 43/55      AC:  3    Str: 12    XL:     8   Next: 34%
Magic:  8/8        EV: 16    Int: 12    God:    Dithmenos [***...]
Gold:   258        SH:  0    Dex: 19    Spells: 0 memorised, 7 levels left

rFire  . . .     SeeInvis .       - Unarmed
rCold  + . .     Clarity  .     a - +1 robe
rNeg   . . .     SustAt   .     (no shield)
rPois  .         Gourm    .     (helmet restricted)
rElec  .         Spirit   .     (no cloak)
rCorr  .         Warding  .     (no gloves)
rMut   .         Rnd*Tele +     (no boots)
MR     .....                    (no amulet)
Stlth  ++++++....               (no ring)
                                l - ring of protection from cold

@: wreathed by umbra, not resistant to hostile enchantments, very stealthy
A: horns 1, thin skeletal structure 2, clumsy 1, demonic guardian 2, frail 1,
teleportitis 1, subdued magic 1
a: Shadow Step, Renounce Religion


You were on level 5 of the Dungeon.
You worshipped Dithmenos.
Dithmenos was most pleased with you.
You were not hungry.

You visited 1 branch of the dungeon, and saw 6 of its levels.

You collected 258 gold pieces.

Inventory:

Armour
 a - a +1 robe (worn)
Jewellery
 l - a ring of protection from cold (left hand)
 o - a cursed ring of teleportation
 r - an uncursed amulet of resist mutation
Scrolls
 g - 6 scrolls of remove curse
 i - a scroll of magic mapping {unknown}
 j - 3 scrolls of identify
 k - a scroll of teleportation
 n - 2 scrolls of amnesia
 p - a scroll of noise
 q - a scroll of fog
 s - a scroll of fear
Potions
 d - 2 potions of heal wounds
 e - a potion of poison {unknown}
 f - 2 potions of mutation {unknown}
 h - a potion of curing
 m - a potion of agility {unknown}
 t - a potion of invisibility {unknown}
 v - a potion of might {unknown}
Books
 y - a book of Envenomations

   Spells                             Type                      Level
   a - Spider Form                    Transmutation/Poison         3
   b - Alistair's Intoxication        Transmutation/Poison         4
   c - Olgreb's Toxic Radiance        Poison                       4
   d - Poisonous Cloud                Conjuration/Poison/Air       6
Comestibles
 b - 2 bread rations
 c - 2 meat rations
 u - 10 fruits
 w - a beef jerky
 x - 2 slices of pizza


   Skills:
 + Level 5.2 Fighting
 + Level 5.1 Dodging
 + Level 4.9 Stealth
 * Level 6.9 Unarmed Combat


You had 7 spell levels left.
You didn't know any spells.

Dungeon Overview and Level Annotations

Branches:
Dungeon (6/15)             Temple (0/1) D:5

Altars:
Dithmenos
Elyvilon
Kikubaaqudgha
Makhleb
Sif Muna
Trog
Yredelemnul


Innate Abilities, Weirdness & Mutations

You have a pair of small horns on your head.
You have a moderately thin skeletal structure (Dex +4, Stealth+).
A demonic guardian rushes to your aid.
You are clumsy. (Dex -2)
You are frail (-10% HP).
You are occasionally teleported to nearby monsters.
Your spells are a little easier to cast, but a little less powerful.


Message History

You butcher the sky beast corpse.
You see here 4 mutagenic chunks of flesh.
Eat which item? (? for menu, Esc to quit)
Okay, then.
z - 4 mutagenic chunks of flesh Eat which item? (? for menu, Esc to quit)
This meat tastes really weird.
You feel frail.
Eat which item? (? for menu, Esc to quit)
This meat tastes really weird.
You feel clumsy.
Eat which item? (? for menu, Esc to quit)
This meat tastes really weird.
You feel weirdly uncertain.
Eat which item? (? for menu, Esc to quit)
This meat tastes really weird.
Your connection to magic feels subdued.
Use which ability?
Okay, then.
Are you sure you want to abandon this character and quit the game? (Confirm with "yes".)

.....≈'.# ##..##'##.....'...)'...
≈⌠.⌠≈.#.# #...##.###'##.##..##..#
≈≈.≈≈≈#.# #......##..##.##..##..#
#≈.≈########'###'##.........'....
##'#####......##.##'#######.#####
..............)..##...#####.#####
..................#...#)..†...#..
..................'...'..)#...'..
#######..##.....@##'#########.##'
#######..##......##.#########.##.
'...............>.......#......'.
#.......................+......#.
#######p.##.##.####.##..##'##.###
#######..##.##.####.##..##.##.###
......'.........<........'......'
#######..##'##.##.##.##+##.##...#
#######..##.##.##.##.##.##.##...#


There were no monsters in sight!

Vanquished Creatures
  A sky beast (D:5)
  2 centaurs (D:5)
  An orc priest (D:5)
  A jelly (D:5)
  6 hounds
  2 orc wizards (D:5)
  2 worker ants
  4 gnolls (D:5)
  9 adders
  An ooze (D:2)
  An adder zombie (D:5)
  A worm (D:3)
  An adder skeleton (D:5)
  6 giant geckos
  9 orcs
  3 giant cockroaches
  10 goblins
  3 hobgoblins
  A quokka (D:2)
  7 bats
  A giant gecko skeleton (D:5)
  7 giant newts
  6 jackals
  A jackal zombie (D:5)
  3 kobolds
  5 rats
94 creatures vanquished.

Vanquished Creatures (collateral kills)
  Pikel (D:5)
  A slave (D:5)
  2 ice beasts (D:5)
  An ogre (D:5)
  A scorpion (D:4)
  A hound (D:4)
  An adder (D:4)
  2 jackals (D:4)
10 creatures vanquished.

Vanquished Creatures (others)
  A shadow imp (D:5)
1 creature vanquished.

Grand Total: 105 creatures vanquished

Notes
Turn   | Place    | Note
--------------------------------------------------------------
     0 | D:1      | luca467 the Demonspawn Monk began the quest for the Orb.
     0 | D:1      | Reached XP level 1. HP: 18/18 MP: 1/1
   320 | D:1      | Gained mutation: You have a somewhat thin skeletal structure (Dex +2, Stealth). [demonic ancestry]
   320 | D:1      | Reached XP level 2. HP: 9/24 MP: 2/2
  1301 | D:2      | Found a shadowy altar of Dithmenos.
  1404 | D:2      | Became a worshipper of Dithmenos the Shadowed
  1404 | D:2      | Acquired Dithmenos's first power
  1441 | D:2      | Found an ancient bone altar of Kikubaaqudgha.
  1451 | D:2      | Reached skill level 4 in Unarmed Combat
  1454 | D:2      | Found a deep blue altar of Sif Muna.
  1454 | D:2      | Found a white marble altar of Elyvilon.
  1463 | D:2      | Gained mutation: A weak demonic guardian rushes to your aid. [demonic ancestry]
  1463 | D:2      | Reached XP level 3. HP: 22/29 MP: 3/3
  2252 | D:3      | Reached XP level 4. HP: 35/35 MP: 4/4
  3023 | D:4      | Gained mutation: You have a moderately thin skeletal structure (Dex +4, Stealth+). [demonic ancestry]
  3023 | D:4      | Reached XP level 5. HP: 18/41 MP: 5/5
  3055 | D:4      | HP: 2/41 [poisoned by a scorpion]
  3230 | D:4      | Noticed Edmund
  3766 | D:4      | Reached skill level 5 in Unarmed Combat
  3845 | D:4      | Gained mutation: A demonic guardian rushes to your aid. [demonic ancestry]
  3845 | D:4      | Reached XP level 6. HP: 40/48 MP: 6/6
  3972 | D:4      | Found a bloodstained altar of Trog.
  3973 | D:4      | Found a basalt altar of Yredelemnul.
  3974 | D:4      | Found a burning altar of Makhleb.
  4268 | D:5      | Entered Level 5 of the Dungeon
  4744 | D:5      | Gained mutation: You have a pair of small horns on your head. [demonic ancestry]
  4744 | D:5      | Reached XP level 7. HP: 37/54 MP: 7/7
  4985 | D:5      | Found a staircase to the Ecumenical Temple.
  5093 | D:5      | Acquired Dithmenos's second power
  5115 | D:5      | Reached skill level 6 in Unarmed Combat
  5364 | D:5      | Noticed Pikel
  5378 | D:5      | Killed Pikel
  5378 | D:5      | Reached skill level 5 in Fighting
  5378 | D:5      | Reached XP level 8. HP: 28/62 MP: 8/8
  5638 | D:5      | Reached skill level 5 in Dodging
  5847 | D:5      | Gained mutation: You are frail (-10% HP). [mutagenic meat]
  5848 | D:5      | Gained mutation: You are clumsy. (Dex -2) [mutagenic meat]
  5849 | D:5      | Gained mutation: You are occasionally teleported to nearby monsters. [mutagenic meat]
  5850 | D:5      | Gained mutation: Your spells are a little easier to cast, but a little less powerful. [mutagenic meat]
  5851 | D:5      | Quit the game

Vault maps used:
D:1:      lemuel_arrival_broad_hall, hangedman_decor_clover_reticule,
          bh_walls_and_bars
D:2:      grunt_temple_overflow_open, nicolae_dithmenos_shadow_blocks
D:3:      kennysheep_pointless_box
D:4:      minitemple, uniq_edmund
D:5:      temple_statues, first_bread, kennysheep_small_circle, uniq_pikel

Action                   |  1- 3 |  4- 6 |  7- 9 || total
-------------------------+-------+-------+-------++-------
Melee: Unarmed           |   130 |   134 |   137 ||   401
  Use: Scroll            |     8 |     5 |       ||    13
       Potion            |       |     2 |     1 ||     3
 Stab: Sleeping          |     9 |     7 |     2 ||    18
       Distracted        |     1 |     3 |     2 ||     6
  Eat: Chunk             |     4 |     7 |     4 ||    15
       Meat ration       |       |       |     1 ||     1
